 Dungeon Crawl Stone Soup version 0.32-a0-643-ga006e7742e (webtiles) character file.

Game seed: 13816184738757152546

16524 Malificent the Basher (level 12, -5/100 HPs)
             Began as a Mountain Dwarf Artificer on Mar 7, 2024.
             Was the Champion of Jiyva.
             Slain by a white ugly thing (13 damage)
             ... while petrified by a basilisk
             ... on level 12 of the Dungeon.
             The game lasted 00:51:15 (8441 turns).

Malificent the Basher (Mountain Dwarf Artificer)    Turns: 8441, Time: 00:51:15

Health: -5/100     AC:  5    Str: 15    XL:     12   Next: 10%
Magic:  0/12       EV:  2    Int: 17    God:    Jiyva [******]
Gold:   357        SH:  0    Dex: 16    Spells: 8/11 levels left

rFire   . . .        b - +1 flail (protect)
rCold   . . .        x - +0 kite shield {AC+3}
rNeg    + + +        u - +0 troll leather armour
rPois   ∞            (no helmet)
rElec   .            (no cloak)
rCorr   +            (no gloves)
SInv    .            (boots unavailable)
Will    +....        l - amulet of guardian spirit
Stlth   +++          y - +6 ring of dexterity
HPRegen 2.76/turn    (no ring)
MPRegen 0.93/turn

%: guardian spirit
@: petrified, studying Earth Magic
A: runic magic, artefact enchanting, hooves 3, mutation resistance 1, poison
resistance, acidic bite, pseudopods 1, translucent skin 3, jelly sensing items
a: Renounce Religion, Oozemancy, Slimify


You were on level 12 of the Dungeon.
You worshipped Jiyva.
Jiyva was exalted by your worship.
You visited 2 branches of the dungeon, and saw 13 of its levels.

You collected 429 gold pieces.
You spent 72 gold pieces at shops.

Inventory:

Hand Weapons
 a - the +6 shillelagh "Devastator" {shatter}
   (You found it on level 8 of the Dungeon)
 b - a +1 flail of protection (weapon)
 h - a +0 morningstar
 p - a +2 dire flail of protection
 t - a +3 falchion of flaming
Missiles
 I - a throwing net
Armour
 g - a +0 chain mail
 i - a +0 hat
 j - the +3 ring mail "Raweg" {^Contam Str-3 Int+7 Dex+2}
   (You found it on level 4 of the Dungeon)

   Str-3:     It affects your strength (-3).
   Int+7:     It affects your intelligence (+7).
   Dex+2:     It affects your dexterity (+2).
   ^Contam:   It causes magical contamination when unequipped.
 m - +0 fire dragon scales
 o - a +0 leather armour
 r - +0 steam dragon scales
 u - a +0 troll leather armour (worn)
 x - a +0 kite shield of protection (worn)
 G - +0 acid dragon scales
 H - a +0 pair of gloves
Jewellery
 l - an amulet of guardian spirit (around neck)
 n - an amulet of faith
 y - a +6 ring of dexterity (left hand)
Wands
 d - a wand of charming (7)
 E - a wand of warping (2)
Scrolls
 e - 2 scrolls of revelation
 f - 2 scrolls of teleportation
 q - a scroll of amnesia
 s - a scroll of enchant armour {unknown}
 w - 3 scrolls of noise
 J - a scroll of silence {unknown}
Potions
 k - 2 potions of attraction
 v - a potion of resistance {unknown}
 A - 2 potions of heal wounds
 B - a potion of cancellation
 C - a potion of invisibility {unknown}
 D - 2 potions of curing {unknown}
 F - 2 potions of lignification {unknown}
Miscellaneous
 z - a sack of spiders


   Skills:
 + Level 7.2 Fighting
 + Level 11.3(12.5) Maces & Flails
 * Level 8.2(10.5) Staves
 + Level 6.9 Armour
 + Level 4.5 Dodging
 + Level 1.6 Stealth
 + Level 4.8 Shields
 * Level 11.0 Earth Magic
 * Level 9.3 Evocations


You had 8 spell levels left.
You knew the following spells:

 Your Spells              Type           Power      Damage    Failure   Level
a - Stone Arrow           Conj/Erth      36%        3d9       22%         3

Your spell library contained the following spells:

 Spells                   Type           Power      Damage    Failure   Level
 Necrotise                Necr           0%         1d4       56%         1
 Animate Armour           Summ/Erth      36%        N/A       58%         4
 Petrify                  Alch/Erth      18%        N/A       58%         4
 Sublimation of Blood     Necr           0%         N/A       71%         2
 Vampiric Draining        Necr           0%         2d6       91%         3
 Anguish                  Hex/Necr       0%         N/A       100%        4
 Cause Fear               Hex            0%         N/A       100%        4
 Martyr's Knell           Necr/Summ      0%         N/A       100%        4
 Curse of Agony           Necr           0%         N/A       100%        5
 Irradiate                Conj/Alch      0%         3d11      100%        5
 Enfeeble                 Hex            0%         N/A       100%        7
 Lehudib's Crystal Spear  Conj/Erth      9%         10d4      100%        8


Dungeon Overview and Level Annotations

Branches:
Dungeon (12/15)            Temple (0/1) D:6            Lair (1/5) D:9
    Orc (0/2) D:12

Altars:
Ashenzari
Cheibriados
Sif Muna
Trog
Yredelemnul
Jiyva

Shops:
D:3 :   D:5 (   D:6 (:[=*   D:8 :   D:12 (

Annotations:
D:12 6 runed translucent doors


Innate Abilities, Weirdness & Mutations

Your spellcasting is much less encumbered by armour.
You can use scrolls of enchantment on lesser artefacts.
You have hooves in place of feet.
You are somewhat resistant to further mutation.
Your system is resistant to poisons. (rPois)
You have acidic saliva.
Armour fits poorly on your pseudopods.
Your transparent skin significantly reduces your foes' accuracy. (Stealth+)
You have a small jelly attached to you that senses nearby items.


Message History

A basilisk comes into view.
You closely miss the white ugly thing.
The basilisk hisses angrily.
Your bludgeon misses the white ugly thing.
The white ugly thing is lightly wounded.
You hear a shout!
The white ugly thing tail-slaps you! The white ugly thing freezes you!!
You hit the white ugly thing but do no damage.
Your bite misses the white ugly thing.
The white ugly thing is lightly wounded.
You block the white ugly thing's attack.
The basilisk gazes at you.
You are slowing down.
The white ugly thing attacks as it pursues you!
You block the white ugly thing's attack.
The white ugly thing tail-slaps you! The white ugly thing freezes you!!
Your limbs are stiffening.
The basilisk gazes at you.
You easily resist.
You hear a distant slurping noise.
You have turned to stone.
The white ugly thing tail-slaps you! The white ugly thing freezes you!!
The white ugly thing barely misses you.
You hear a distant slurping noise.
The white ugly thing tail-slaps you. The white ugly thing freezes you!!
The white ugly thing tail-slaps you. The white ugly thing freezes you!!
* * * LOW HITPOINT WARNING * * *
The white ugly thing tail-slaps you.
* * * LOW HITPOINT WARNING * * *
The white ugly thing freezes you!!
* * * LOW HITPOINT WARNING * * *
The white ugly thing tail-slaps you!
* * * LOW HITPOINT WARNING * * *
The white ugly thing freezes you!!
* * * LOW HITPOINT WARNING * * *
The white ugly thing tail-slaps you!
* * * LOW HITPOINT WARNING * * *
The white ugly thing freezes you!!
You die...
Jiyva sends a jelly to digest your equipment.

.#.# #.# .#.# #.#
.#.########.#
.#........#.#
.########.#.#
..........>.# ## #
..#######...#
##.#.# #.#
#...######.#..####
#.###
#.......@ul.......
#...#
#..#######...#####
#.#.# #..# ##..#
###.######## #.#
.......## ...
........## ....
.........### ....
..........## ....
..........##


You could see a white ugly thing and a basilisk.

Vanquished Creatures
  Frances (D:12)
  Snorg (D:11)
  2 two-headed ogres
  Nergalle (D:10)
  Sonja (D:10)
  2 deep elf pyromancers
  2 ugly things (D:12)
  A cyclops (D:11)
  A manticore (D:12)
  A black mamba (Lair:1)
  Maggie (D:6)
  A komodo dragon (D:9)
  Psyche (D:9)
  2 trolls
  2 hornets
  2 vampires (D:12)
  A shadow (D:11)
  A wraith (D:12)
  2 wyverns
  A yak (D:4)
  2 steam dragons
  3 basilisks
  5 vampire mosquitoes (D:12)
  2 acid dragons
  4 water moccasins
  A sky beast (D:6)
  An ice beast (D:4)
  2 black bears (D:7)
  3 orc warriors
  2 ogres
  7 centaurs
  2 phantoms (D:6)
  A kobold brigand (D:7)
  3 bullfrogs
  A weeping skull (D:8)
  7 gnoll sergeants
  3 scorpions
  7 wights (D:8)
  3 killer bees
  3 howler monkeys (D:8)
  A lava snake (D:10)
  4 hounds
  2 orc priests
  A sleepcap (D:5)
  Natasha (thrice) (D:2)
  An iguana (D:4)
  5 orc wizards
  25 gnolls
  5 adders
  A white imp (D:8)
  2 ufetubi (D:7)
  A dart slug (D:5)
  3 ribbon worms
  29 orcs
  An endoplasm (D:1)
  A giant cockroach (D:2)
  4 goblins
  3 hobgoblins
  10 kobolds
  5 ball pythons
  4 bats
  4 rats
  A spectral goblin (D:1)
  A spectral orc (D:8)
206 creatures vanquished.

Vanquished Creatures (collateral kills)
  A two-headed ogre (D:6)
  A manticore (D:11)
  An ugly thing (D:11)
  Jeremiah (D:6)
  2 howler monkeys (D:9)
  2 orcs (D:4)
8 creatures vanquished.

Vanquished Creatures (others)
  A two-headed ogre (D:12)
  An ugly thing (D:12)
  A culicivora (shapeshifter) (D:12)
  A slime creature (D:12)
  A vampire mosquito (D:12)
  An orc warrior (D:11)
  A black bear (D:6)
  2 centaurs
  A brain worm (D:3)
  A bullfrog (D:9)
  A scorpion (D:5)
  A wight (D:8)
  19 jellies
  A hound (D:7)
  3 orc wizards
  5 gnolls
  3 adders
  2 dart slugs (D:3)
  9 orcs
  5 endoplasms
  3 goblins
  A hobgoblin (D:2)
  10 kobolds
  A quokka (D:4)
  3 ball pythons
  A bat (D:3)
  4 rats
83 creatures vanquished.

Grand Total: 297 creatures vanquished

Notes
Turn   | Place    | Note
-------+----------+-------------------------------------------
     0 | D:1      | Malificent the Mountain Dwarf Artificer began the quest for
                  | the Orb.
     0 | D:1      | Reached XP level 1. HP: 16/16 MP: 1/1
   360 | D:1      | Found a faded altar of an unknown god.
   374 | D:1      | Prayed at the altar of an unknown god.
   374 | D:1      | Became a worshipper of Jiyva Jappiut the Shapeless
   374 | D:1      | Reached * piety under Jiyva
   532 | D:1      | Reached XP level 2. HP: 23/23 MP: 2/2
   574 | D:1      | Reached ** piety under Jiyva
   824 | D:1      | Reached skill level 1 in Dodging
   864 | D:1      | Reached skill level 1 in Maces & Flails
  1014 | D:2      | Noticed Natasha
  1022 | D:2      | Killed Natasha
  1023 | D:2      | Reached skill level 1 in Staves
  1023 | D:2      | Reached XP level 3. HP: 28/28 MP: 3/3
  1067 | D:2      | Noticed Natasha
  1073 | D:2      | Killed Natasha
  1074 | D:2      | Reached XP level 4. HP: 35/35 MP: 4/4
  1078 | D:2      | Reached *** piety under Jiyva
  1294 | D:2      | Noticed Natasha
  1306 | D:2      | Killed Natasha
  1355 | D:2      | You fall into a shaft and drop 2 floors!
  1531 | D:4      | Reached XP level 5. HP: 38/41 MP: 5/5
  1649 | D:4      | Identified the +3 ring mail "Raweg" {^Contam Str-3 Int+7
                  | Dex+2}
  1809 | D:5      | Entered Level 5 of the Dungeon
  1809 | D:5      | Noticed a centaur
  1812 | D:5      | Killed a centaur
  1813 | D:5      | Reached skill level 1 in Stealth
  1815 | D:5      | Noticed a troll
  1830 | D:4      | Reached XP level 6. HP: 40/48 MP: 6/6
  1925 | D:3      | Found a broken altar of Ashenzari.
  1998 | D:3      | Gained mutation: You have acidic saliva. [Jiyva's grace]
  1998 | D:3      | Gained mutation: You have large cloven feet. [Jiyva's
                  | grace]
  1998 | D:3      | Gained mutation: You have hoof-like feet. [Jiyva's grace]
  1998 | D:3      | Gained mutation: You have hooves in place of feet. [Jiyva's
                  | grace]
  2084 | D:3      | Found Vobogh's Book Shop.
  2167 | D:3      | Reached **** piety under Jiyva
  2368 | D:3      | Found a snail-covered altar of Cheibriados.
  2626 | D:3      | Found a bloodstained altar of Trog.
  2636 | D:3      | Learned a level 3 spell: Stone Arrow
  2902 | D:5      | Noticed a yak
  2917 | D:4      | Reached XP level 7. HP: 26/56 MP: 7/7
  2922 | D:4      | Killed a yak
  2977 | D:4      | Reached skill level 5 in Evocations
  3091 | D:5      | Reached skill level 5 in Maces & Flails
  3100 | D:5      | Reached XP level 8. HP: 46/63 MP: 8/8
  3105 | D:5      | Noticed a +0 demon blade
  3105 | D:5      | Noticed a +0 rapier
  3107 | D:5      | Found Xulixt's Weapon Boutique.
  3111 | D:5      | Reached ***** piety under Jiyva
  3174 | D:5      | Reached skill level 1 in Earth Magic
  3445 | D:5      | Reached skill level 5 in Armour
  3636 | D:6      | Found a staircase to the Ecumenical Temple.
  3705 | D:6      | Found Dera's Armour Emporium.
  3736 | D:6      | Found Xoaludum's Book Emporium.
  3746 | D:6      | Found Bialaank's Weapon Shop.
  3803 | D:6      | Noticed a two-headed ogre
  3807 | D:6      | Noticed Jeremiah
  3813 | D:6      | Killed a two-headed ogre
  3814 | D:6      | Reached skill level 5 in Staves
  3814 | D:6      | Reached XP level 9. HP: 45/71 MP: 9/9
  3821 | D:6      | Killed Jeremiah
  3842 | D:6      | Gained mutation: You are somewhat resistant to further
                  | mutation. [Jiyva's grace]
  3842 | D:6      | Gained mutation: You are somewhat resistant to both further
                  | mutation and mutation removal. [Jiyva's grace]
  3842 | D:6      | Gained mutation: You are almost entirely resistant to
                  | further mutation and mutation removal. [Jiyva's grace]
  3842 | D:6      | Gained mutation: You have a small jelly attached to you
                  | that senses nearby items. [Jiyva's grace]
  3844 | D:6      | Noticed Maggie
  3864 | D:6      | Killed Maggie
  3865 | D:6      | Reached skill level 5 in Earth Magic
  3951 | D:6      | Found Vamolu's Assorted Antiques.
  3959 | D:6      | Bought a scroll of identify for 48 gold pieces
  3959 | D:6      | Bought a scroll labelled UGO USAOBB for 24 gold pieces
  4006 | D:6      | Found a transporter.
  4050 | D:6      | Found a transporter.
  4050 | D:6      | Found Veezurin's Jewellery Boutique.
  4541 | D:7      | Noticed a troll
  4547 | D:7      | Killed a troll
  4548 | D:7      | Reached skill level 5 in Fighting
  5118 | D:8      | Found Teun's Book Shoppe.
  5135 | D:8      | Reached ****** piety under Jiyva
  5258 | D:8      | Reached XP level 10. HP: 76/77 MP: 10/10
  5330 | D:8      | Found a basalt altar of Yredelemnul.
  5447 | D:8      | Found the +6 shillelagh "Devastator" {shatter}
  5694 | D:9      | Noticed a two-headed ogre
  5845 | D:9      | Reached skill level 1 in Shields
  5857 | D:9      | Found a staircase to the Lair.
  6159 | D:9      | Lost mutation: You have hooves in place of feet. [Jiyva's
                  | grace]
  6159 | D:9      | Lost mutation: You are almost entirely resistant to further
                  | mutation and mutation removal. [Jiyva's grace]
  6159 | D:9      | Gained mutation: You have hooves in place of feet. [Jiyva's
                  | grace]
  6159 | D:9      | Gained mutation: Armour fits poorly on your pseudopods.
                  | [Jiyva's grace]
  6159 | D:9      | Gained mutation: Armour fits poorly on your large
                  | pseudopods. [Jiyva's grace]
  6159 | D:9      | Gained mutation: Armour fits poorly on your massive
                  | pseudopods. [Jiyva's grace]
  6243 | D:9      | Found a shimmering blue altar of Sif Muna.
  6375 | Lair:1   | Entered Level 1 of the Lair of Beasts
  6391 | Lair:1   | Noticed a black mamba
  6400 | Lair:1   | Killed a black mamba
  6401 | Lair:1   | Reached skill level 10 in Maces & Flails
  6425 | Lair:1   | Noticed a cane toad
  6455 | D:10     | Entered Level 10 of the Dungeon
  6474 | D:10     | Noticed Psyche
  6502 | D:9      | Killed Psyche
  6579 | D:10     | Noticed Sonja
  6585 | D:10     | Killed Sonja
  6588 | D:10     | Noticed Nergalle
  6593 | D:10     | Killed Nergalle
  6594 | D:10     | Reached XP level 11. HP: 56/89 MP: 8/11
  6904 | D:10     | Noticed a two-headed ogre
  6922 | D:10     | Killed a two-headed ogre
  7239 | D:11     | Noticed Snorg
  7246 | D:11     | Noticed a deep elf pyromancer
  7277 | D:11     | Killed Snorg
  7294 | D:11     | Killed a deep elf pyromancer
  7632 | D:12     | Noticed a white ugly thing
  7632 | D:12     | Found a staircase to the Orcish Mines.
  7645 | D:11     | Killed a white ugly thing
  7757 | D:12     | Found Gilieneat's Weapon Shoppe.
  7950 | D:12     | Reached skill level 10 in Earth Magic
  8014 | D:12     | Noticed Frances
  8015 | D:12     | Noticed a two-headed ogre
  8043 | D:12     | Noticed a soul eater
  8043 | D:12     | Killed Frances
  8090 | D:12     | Found a large runed translucent door.
  8095 | D:12     | Found a large runed translucent door.
  8095 | D:12     | Found a large runed translucent door.
  8095 | D:12     | Noticed a tengu reaver
  8095 | D:12     | Noticed a yaktaur captain
  8095 | D:12     | Noticed a war gargoyle
  8095 | D:12     | Noticed an orc sorcerer
  8096 | D:12     | Found a large runed translucent door.
  8096 | D:12     | Noticed a flayed ghost
  8130 | D:12     | Lost mutation: You are somewhat resistant to both further
                  | mutation and mutation removal. [Jiyva's grace]
  8130 | D:12     | Lost mutation: Armour fits poorly on your massive
                  | pseudopods. [Jiyva's grace]
  8130 | D:12     | Lost mutation: Armour fits poorly on your large pseudopods.
                  | [Jiyva's grace]
  8130 | D:12     | Gained mutation: Your translucent skin slightly reduces
                  | your foes' accuracy. (Stealth+) [Jiyva's grace]
  8130 | D:12     | Gained mutation: Your translucent skin reduces your foes'
                  | accuracy. (Stealth+) [Jiyva's grace]
  8130 | D:12     | Gained mutation: Your transparent skin significantly
                  | reduces your foes' accuracy. (Stealth+) [Jiyva's grace]
  8130 | D:12     | Gained mutation: Your system is resistant to poisons.
                  | (rPois) [Jiyva's grace]
  8157 | D:12     | Noticed a cyan ugly thing
  8159 | D:12     | Noticed a two-headed ogre
  8165 | D:12     | Noticed a deep elf pyromancer
  8166 | D:12     | Noticed a cyan ugly thing
  8200 | D:12     | Killed a cyan ugly thing
  8214 | D:12     | Killed a deep elf pyromancer
  8215 | D:12     | Reached XP level 12. HP: 40/100 MP: 5/12
  8327 | D:12     | Found a large runed translucent door.
  8328 | D:12     | Found a large runed translucent door.
  8401 | D:12     | Killed a two-headed ogre
  8441 | D:12     | Slain by a white ugly thing

Illustrated notes

Levels and vault maps discovered:
D:1:      dpeg_arrival_rooms_a, layout_basic,
          dreamdust_ecumenical_altar_drowned_temple
D:2:      layout_basic, uniq_natasha
D:3:      cheibrodos_fertilizer, layout_basic, kennysheep_slug_shrine,
          overflow_temple_1_default, trog_antimagical, serial_shops,
          nicolae_shop_tiny_real_fake_doors
D:4:      layout_rooms
D:5:      layout_loops_cross, serial_shops, nicolae_shop_mannequins,
          minmay_manual_monstrance
D:6:      layout_cave_pools, temple_fountains, serial_shops,
          nicolae_shop_behind_doors, nicolae_shop_drivethru, shop,
          nicolae_shop_statue_plus, nicolae_shop_window_shopping, uniq_jeremiah,
          uniq_maggie
D:7:      layout_basic, nicolae_letterblocks [nicolae_letter_subblock,
          nicolae_letter_subblock, nicolae_letter_subblock,
          nicolae_letter_subblock, nicolae_letter_subblock,
          nicolae_letter_subblock, nicolae_letter_subblock,
          nicolae_letter_subblock, nicolae_letter_subblock,
          nicolae_letter_subblock, nicolae_letter_subblock,
          nicolae_letter_subblock, nicolae_letter_subblock,
          nicolae_letter_subblock, nicolae_letter_subblock,
          nicolae_letter_subblock, nicolae_letter_subblock,
          nicolae_letter_subblock, nicolae_letter_subblock,
          nicolae_letter_subblock, nicolae_letter_subblock,
          nicolae_letter_subblock, nicolae_letter_subblock,
          nicolae_letter_subblock, nicolae_letter_subblock]
D:8:      layout_basic, yredelemnul_forgotten_temple_becter, serial_shops,
          kennysheep_mini_moat, hangedman_decor_opposing
D:9:      layout_roguey, mainiacjoe_overflow_24_doors, david_lair_shrubbed,
          grunt_ministairs_10
D:10:     layout_loops_ring, kennysheep_pointless_box, uniq_sonja,
          uniq_nergalle, uniq_psyche
D:11:     layout_cave_pools, uniq_snorg
D:12:     minmay_five_octagons, layout_loops_ring, orc_david_3, uniq_frances
Lair:1:   layout_big_grid, st_stairs_13

Skill      XL: |  1  2  3  4  5  6  7  8  9 10 11 12 |
---------------+-------------------------------------+-----
Dodging        | 1 2 3 4 |  4.5
Maces & Flails | 1 2 3 5 7 8 10 11 | 11.3
Staves         | 1 2 3 5 6 7 8 |  8.2
Armour         | 3 4 5 6 |  6.9
Fighting       | 2 3 4 5 6 7 |  7.2
Stealth        | 1 |  1.6
Evocations     | 4 5 6 7 8 9 |  9.3
Earth Magic    | 4 6 8 10 11 | 11.0
Shields        | 2 4 |  4.8

Action                     |  1- 3 |  4- 6 |  7- 9 | 10-12 || total
---------------------------+-------+-------+-------+-------++-------
  Melee: Club              |   116 |    60 |       |       ||   176
         Morningstar       |       |    56 |       |       ||    56
         Flail             |       |    16 |   127 |   224 ||   367
         Kick              |       |     7 |    76 |   121 ||   204
         Bite              |       |     2 |    22 |    56 ||    80
         Dire flail        |       |       |   136 |    69 ||   205
         Shillelagh        |       |       |       |    48 ||    48
         Pseudopods        |       |       |       |    61 ||    61
  Evoke: Wand              |     6 |    15 |     7 |    23 ||    51
         Sack of spiders   |       |       |       |     1 ||     1
    Use: Scroll            |       |     3 |     3 |     4 ||    10
         Potion            |       |     1 |     3 |     3 ||     7
   Stab: Sleeping          |       |     2 |       |     1 ||     3
         Invisible         |       |       |       |     1 ||     1
 Armour: Leather armour    |   126 |    43 |       |       ||   169
         Ring mail         |       |    44 |       |       ||    44
         Fire dragon scale |       |    40 |   215 |       ||   255
         Troll leather arm |       |       |    21 |   341 ||   362
  Dodge: Dodged            |    73 |    83 |   133 |   222 ||   511
  Block: Kite shield       |       |       |       |   181 ||   181

Table legend: (Time is in decaauts)
 A = Elapsed time spent in this place.
 B = Non-inter-level travel time spent in this place.
 C = Inter-level travel time spent in this place.
 D = Time resting spent in this place.
 E = Time spent auto-exploring this place.
 F = Levels seen in this place.
 G = Mean time per level.
                   A        B        C        D        E       F      G
               +--------+--------+--------+--------+--------+-----+--------+
         Total |   8518 |   8087 |    431 |    569 |   5031 |  13 |  655.2 |
       Dungeon |   8463 |   8032 |    431 |    559 |   5028 |  12 |  705.2 |
          Lair |     55 |     55 |      0 |     10 |      3 |   1 |   55.0 |
               +--------+--------+--------+--------+--------+-----+--------+

Top non-repeatable levels by time:
     D:1: 989 daAuts
     D:3: 893 daAuts
     D:7: 884 daAuts
    D:11: 770 daAuts
     D:9: 730 daAuts
     D:4: 656 daAuts
     D:5: 635 daAuts
     D:8: 629 daAuts
    D:10: 613 daAuts
    D:12: 577 daAuts
     D:6: 550 daAuts
     D:2: 531 daAuts
  Lair:1: 55 daAuts
